 Dungeon Crawl Stone Soup version 0.17.0-24-gcfadda4 (webtiles) character file.

369 vatarom the Ducker (level 6, -12/41 HPs)
             Began as an Octopode Transmuter on Nov 17, 2015.
             Was a Follower of Cheibriados.
             Killed by divine providence
             ... invoked by an orc priest
              (13 damage)
             ... on level 4 of the Dungeon.
             The game lasted 00:07:58 (3747 turns).

vatarom the Ducker (Octopode Transmuter)            Turns: 3747, Time: 00:07:58

Health: -12/41     AC:  2    Str: 13      XL:     6   Next: 70%
Magic:  7/9        EV: 18    Int: 17 (18) God:    Cheibriados [*.....]
Gold:   145        SH:  0    Dex: 19      Spells: 3 memorised, 1 level left

rFire  . . .     SeeInvis +       - Unarmed
rCold  . . .     Clarity  .     (shield currently unavailable)
rNeg   . . .     SustAt   .     (helmet currently unavailable)
rPois  x         Gourm    .     (no amulet)
rElec  .         Spirit   .     j - ring of see invisible
rCorr  .         Warding  .     (no ring)
rMut   .         Stasis   .     (no ring)
MR     .....                    (no ring)
Stlth  ++........               (no ring)
                                (no ring)
                                (no ring)
                                (no ring)

@: spider-form (expiring), very slow, not resistant to hostile enchantments,
unstealthy
A: almost no armour, amphibious, 8 rings, (constrict 8), (camouflage 0),
(gelatinous body 0)
a: End Transformation, Bend Time, Renounce Religion


You were on level 4 of the Dungeon.
You worshipped Cheibriados.
Cheibriados was aware of your devotion.
You were not hungry.
You were a venomous arachnid creature.
You visited 1 branch of the dungeon, and saw 4 of its levels.

You collected 145 gold pieces.

Inventory:

Missiles
 a - 36 arrows
 d - 9 arrows of flame
 n - 2 throwing nets (quivered)
Jewellery
 j - a ring of see invisible (left front leg)
Scrolls
 c - a scroll of enchant weapon
 e - 4 scrolls of remove curse
 f - a scroll of noise
 g - 5 scrolls of identify
 k - a scroll of magic mapping
 q - a scroll of teleportation
Potions
 i - 3 potions of berserk rage {unknown}
 l - a potion of curing
 o - 2 potions of flight {unknown}
Books
 b - a book of Changes

   Spells                             Type                      Level
   a - Beastly Appendage              Transmutation                1
   b - Sticks to Snakes               Transmutation                2
   c - Spider Form                    Transmutation/Poison         3
   d - Ice Form                       Ice/Transmutation            4
   e - Blade Hands                    Transmutation                5
Comestibles
 m - a beef jerky
 p - a bread ration


   Skills:
 * Level 2.8 Fighting
 - Level 4.6 Dodging
 - Level 3.0 Unarmed Combat
 - Level 2.0 Spellcasting
 + Level 4.6 Transmutations


You had one spell level left.
You knew the following spells:

 Your Spells              Type           Power        Failure   Level  Hunger
a - Beastly Appendage     Trmt           ###...       10%         1    #......
b - Spider Form           Trmt/Pois      #.........   45%         3    ###....
c - Ice Form              Ice/Trmt       #.......     93%         4    #####..


Dungeon Overview and Level Annotations

Branches:
Dungeon (4/15)
 Temple: D:4-7

Altars:
Cheibriados
Nemelex Xobeh
Sif Muna
Trog
Vehumet

Annotations:
D:4 Blork the orc


Innate Abilities, Weirdness & Mutations

You cannot wear most types of armour.
You are amphibious.
You can wear up to eight rings at the same time.
((You can use your tentacles to constrict eight enemies at once.))
((Your skin changes colour to match your surroundings (Stealth).))
((Your rubbery body absorbs attacks (AC +1).))


Message History

There is an escape hatch in the floor here.
Your transformation is almost over.
Blork the orc gestures at you while chanting.
The magic dart hits you!
The orc priest calls upon Beogh to heal Blork the orc.
Blork the orc is healed somewhat.
Blork the orc casts a spell at you. The puff of frost hits you!
You hear a shout!
Blork the orc casts a spell at you. The puff of flame hits you!
* * * LOW HITPOINT WARNING * * *
An orc priest comes into view. It is wielding a flail.
There is an escape hatch in the floor here.
Blork the orc points at you and mumbles some strange words.
The puff of flame hits you!
* * * LOW HITPOINT WARNING * * *
The orc priest mumbles some strange prayers to Beogh against you.
Something smites you!
You die...

..#.......### ###...#
#..##....#######....##
#.#......##..##.#####
#.#......#......# #
#>.#.....##..#.....##
##........o.#.....<##
###.......o...#......
########....oo.####..#....##
.........##s.### ####....#
.........###..# #..####
.........#....## ##.##
.........#.##..### #.<#
.........#.###...###.#####
.........#.# ###.........##
.........).# ##.........#.
......(...## #...........
..........# ####...#.....#


You could see Blork the orc and 3 orc priests.

Vanquished Creatures
  An ogre (D:4)
  An orc wizard (D:4)
  A worker ant (D:3)
  7 gnolls (D:3)
  8 adders
  An adder skeleton (D:4)
  2 worms (D:3)
  6 giant geckos
  7 orcs
  6 giant cockroaches
  12 goblins
  7 hobgoblins
  7 kobolds
  5 quokkas
  4 bats
  2 jackals (D:3)
  10 rats
87 creatures vanquished.

Notes
Turn   | Place    | Note
--------------------------------------------------------------
     0 | D:1      | vatarom the Octopode Transmuter began the quest for the Orb.
     0 | D:1      | Reached XP level 1. HP: 13/13 MP: 3/3
   156 | D:1      | Reached XP level 2. HP: 18/18 MP: 5/5
   661 | D:2      | Reached XP level 3. HP: 23/23 MP: 6/6
   694 | D:2      | Learned a level 3 spell: Spider Form
   856 | D:2      | Found a bloodstained altar of Trog.
   961 | D:2      | Reached XP level 4. HP: 17/28 MP: 3/7
  2087 | D:3      | Reached skill level 4 in Dodging
  2087 | D:3      | Reached XP level 5. HP: 17/33 MP: 8/8
  2320 | D:3      | Found a deep blue altar of Sif Muna.
  2324 | D:3      | Found a radiant altar of Vehumet.
  2429 | D:3      | Found a snail-covered altar of Cheibriados.
  2518 | D:3      | Became a worshipper of Cheibriados the Contemplative
  2882 | D:3      | Reached XP level 6. HP: 12/38 MP: 7/9
  3391 | D:4      | Reached * piety under Cheibriados
  3483 | D:4      | Learned a level 4 spell: Ice Form
  3549 | D:4      | Noticed Blork the orc
  3661 | D:4      | Found a sparkling altar of Nemelex Xobeh.
  3747 | D:4      | HP: 1/41 [Blork the orc/puff of flame (7)]
  3747 | D:4      | Killed from afar by an orc priest

Action                   |  1- 3 |  4- 6 || total
-------------------------+-------+-------++-------
Melee: Unarmed           |    71 |   194 ||   265
 Cast: Beastly Appendage |     9 |    11 ||    20
       Spider Form       |     1 |    10 ||    11
  Use: Scroll            |     7 |     1 ||     8
       Potion            |     2 |     5 ||     7
 Stab: Sleeping          |     3 |     1 ||     4
       Distracted        |       |     1 ||     1
  Eat: Bread ration      |       |     2 ||     2
       Chunk             |       |     1 ||     1
       Beef jerky        |       |     1 ||     1
